 Dungeon Crawl Stone Soup version 0.25.1-2-g60ff931df9 (webtiles) character file.

Game seed: 8387856636163553390

308 Acheron the Grave Robber (level 6, -5/34 HPs)
             Began as a Gargoyle Necromancer on Sept 3, 2020.
             Was an Initiate of Okawaru.
             Slain by an ice beast (7 damage)
             ... on level 7 of the Dungeon.
             The game lasted 00:31:29 (4688 turns).

Acheron the Grave Robber (Gargoyle Necromancer)     Turns: 4688, Time: 00:31:29

Health: -5/34      AC: 13    Str: 11    XL:     6   Next: 40%
Magic:  11/11      EV: 11    Int: 18    God:    Okawaru [......]
Gold:   145        SH:  0    Dex: 10    Spells: 3/12 levels left

rFire    . . .     SeeInvis .   p - +0 trident
rCold    . . .     Gourm    .   (no shield)
rNeg     + . .     Faith    .   y - +1 ring mail of the Untouchables {rCorr}
rPois    ∞         Spirit   .   (no helmet)
rElec    +         Reflect  .   t - +0 cloak
rCorr    +         Harm     .   (no gloves)
MR       .....                  l - +1 pair of boots
Stlth    +.........             (no amulet)
HPRegen  0.11/turn              (no ring)
MPRegen  0.12/turn              (no ring)

@: brilliant, stab
A: negative energy resistance 1, electricity resistance, unbreathing,
petrification resistance, rot immunity, AC +4
a: Renounce Religion


You were on level 7 of the Dungeon.
You worshipped Okawaru.
Okawaru was noncommittal.
You were hungry.

You visited 2 branches of the dungeon, and saw 8 of its levels.

You collected 178 gold pieces.
You spent 33 gold pieces at shops.

Inventory:

Hand Weapons
 e - a +0 dagger
 h - a +0 hunting sling
 p - a +0 trident (weapon)
 C - a +0 whip of freezing
Missiles
 b - 4 boomerangs (quivered)
 q - 76 stones
Armour
 a - a +0 robe
 l - a +1 pair of boots (worn)
 t - a +0 cloak (worn)
 v - a +0 leather armour
 y - the +1 ring mail of the Untouchables (worn) {rCorr}
   (You found it on level 4 of the Dungeon)

   It provides partial protection from all sources of acid and corrosion.
 A - a +0 pair of boots
Jewellery
 r - an uncursed amulet of the acrobat {unknown}
 w - an uncursed amulet of magic regeneration {unknown}
 x - an uncursed ring of ice
Wands
 s - a wand of acid (10)
Scrolls
 j - a scroll of remove curse
 n - a scroll of amnesia
 o - a scroll of magic mapping
Potions
 d - 2 potions of degeneration {unknown}
 f - 2 potions of lignification {unknown}
 g - a potion of brilliance
 i - a potion of heal wounds {unknown}
 k - a potion of cancellation {unknown}
 u - a potion of mutation {unknown}
 B - a potion of curing
Comestibles
 c - 2 rations
 z - 4 chunks of flesh


   Skills:
 * Level 1.5 Fighting
 * Level 0.8 Short Blades
 + Level 0.1 Maces & Flails
 * Level 1.2 Throwing
 * Level 1.0 Armour
 * Level 2.4 Dodging
 * Level 2.8 Stealth
 * Level 3.5 Spellcasting
 * Level 4.0 Necromancy
 * Level 0.9 Evocations


You had 3 spell levels left.
You knew the following spells:

 Your Spells              Type           Power        Failure   Level  Hunger
a - Pain                  Necr           ####         7%          1    None
b - Animate Skeleton      Necr           N/A          7%          1    None
c - Vampiric Draining     Necr           ####......   21%         3    None
d - Animate Dead          Necr           N/A          56%         4    None

Your spell library contained the following spells:

 Spells                   Type           Power        Failure   Level  Hunger
 Agony                    Necr           ####....     88%         5    None


Dungeon Overview and Level Annotations

Branches:
Dungeon (8/15)             Temple (1/1) D:4
   Lair: D:8-11

Altars:
Ashenzari
Cheibriados
Dithmenos
Elyvilon
Fedhas
Gozag
Hepliaklqana
Kikubaaqudgha
Makhleb
Nemelex Xobeh
Okawaru
Qazlal
Ru
Sif Muna
Trog
Uskayaw
Vehumet
Wu Jian
Xom
Yredelemnul
Zin
The Shining One

Shops:
D:4 *(%?

Annotations:
D:3 exclusion: 2 downstairs
D:4 Grinder, Sigmund
D:8 Maggie


Innate Abilities, Weirdness & Mutations

You are resistant to torment.
Your stone body is resilient. (AC +4)
You are immune to poison.
You resist negative energy. (rN+)
You are resistant to electric shocks. (rElec)
You can survive without breathing.
You are immune to petrification.
You are immune to rotting.


Message History

The ice beast is severely wounded.
The ice beast barely misses you.
You hit the ice beast.
The ice beast is almost dead.
The ice beast closely misses you. The ice beast barely misses you.
You barely miss the ice beast.
The ice beast is almost dead.
The ice beast closely misses you.
You barely miss the ice beast.
The ice beast is almost dead.
The ice beast hits you but does no damage.
You closely miss the ice beast.
The ice beast is almost dead.
The ice beast hits you but does no damage.
You hit the ice beast but do no damage.
The ice beast is almost dead.
The ice beast hits you.
* * * LOW HITPOINT WARNING * * *
The ice beast freezes you!
You die...

##### ##
#..#. .##
#.... .. #...
.####
##...#Y...#..
#....@.......
###......#..#
#......#
#...#...#
........#
###.#....# ##
. ... ##....


You could see an ice beast.

Vanquished Creatures
  A scorpion (D:4)
  An orc priest (D:4)
  A worker ant (D:4)
  6 adders
  A dart slug (D:1)
  2 leopard geckos (D:3)
  10 orcs
  4 bats
  5 giant cockroaches
  5 hobgoblins
  3 jackals
  A quokka (D:4)
  A ball python (D:3)
  6 frilled lizards
  10 goblins
  7 kobolds
  7 rats
71 creatures vanquished.

Vanquished Creatures (collateral kills)
  A hound (D:4)
  A hound skeleton (D:3)
  3 adders
  A leopard gecko (D:4)
  2 orcs
  A goblin (D:2)
  A hobgoblin (D:2)
  A quokka (D:2)
  A bat (D:1)
  A kobold (D:2)
13 creatures vanquished.

Grand Total: 84 creatures vanquished

Notes
Turn   | Place    | Note
-------+----------+-------------------------------------------
     0 | D:1      | Acheron the Gargoyle Necromancer began the quest for the
                  | Orb.
     0 | D:1      | Reached XP level 1. HP: 10/10 MP: 3/3
   286 | D:1      | Reached XP level 2. HP: 15/15 MP: 3/5
   438 | D:1      | Learned a level 1 spell: Animate Skeleton
   759 | D:1      | Reached XP level 3. HP: 19/20 MP: 3/6
  1309 | D:2      | Reached XP level 4. HP: 22/24 MP: 3/7
  1918 | D:3      | Reached skill level 1 in Fighting
  2200 | D:3      | Reached XP level 5. HP: 19/29 MP: 1/9
  2588 | D:3      | Learned a level 3 spell: Vampiric Draining
  3066 | D:4      | Found a blossoming altar of Fedhas.
  3230 | D:4      | Noticed an ogre
  3259 | D:4      | Got a brightly glowing ring mail
  3350 | D:4      | Found Codyata's Antique Weapon Emporium.
  3371 | D:4      | Noticed Grinder
  3676 | D:3      | Noticed an ice beast
  3695 | D:4      | Found a staircase to the Ecumenical Temple.
  3710 | D:4      | Reached skill level 1 in Throwing
  3855 | Temple   | Entered the Ecumenical Temple
  4076 | Temple   | Became a worshipper of Warmaster Okawaru
  4162 | D:4      | Learned a level 4 spell: Animate Dead
  4173 | D:4      | Identified the +1 ring mail of the Untouchables {rCorr}
                  | (You found it on level 4 of the Dungeon)
  4196 | D:4      | Found Uggiklum's Food Emporium.
  4245 | D:4      | Reached skill level 4 in Necromancy
  4385 | D:4      | Reached XP level 6. HP: 29/34 MP: 6/11
  4392 | D:4      | Found Xuilel's General Store.
  4400 | D:4      | Bought a potion of curing for 33 gold pieces
  4503 | D:4      | Reached skill level 1 in Armour
  4583 | D:4      | Found Umeananigi's Magic Scroll Boutique.
  4598 | D:4      | Noticed Sigmund
  4614 | D:5      | Entered Level 5 of the Dungeon
  4626 | D:5      | Noticed a hippogriff
  4639 | D:5      | You fall into a shaft and drop 3 floors!
  4639 | D:8      | Noticed Maggie
  4639 | D:8      | Noticed an ice beast
  4688 | D:7      | Slain by an ice beast

Illustrated notes

Levels and vault maps discovered:
D:1:      scummos_arrival_simple_fountains, layout_loops_ring
D:2:      layout_loops_ring, first_ration, kennysheep_generic_room_10,
          uniq_robin
D:3:      kennysheep_goblin_castle, layout_basic
D:4:      layout_basic, marbit_many_paths, minmay_temple_entry_butterflies,
          serial_shops, nicolae_shop_waterfront, nicolae_shop_waterfront, shop,
          kennysheep_mini_moat, uniq_grinder, uniq_sigmund
D:5:      layout_rooms, minmay_manual_maat
D:7:      layout_cave_pools, uniq_harold
D:8:      layout_basic, uniq_maggie
Temple:   kilobyte_greek_temple

Skill      XL: |  1  2  3  4  5  6 |
---------------+-------------------+-----
Dodging        | 2 |  2.4
Fighting       | 1 |  1.5
Spellcasting   | 3 |  3.5
Throwing       | 1 |  1.2
Necromancy     | 4 |  4.0
Armour         | 1 |  1.0
Short Blades   | |  0.8
Maces & Flails | |  0.1
Stealth        | |  2.8
Evocations     | |  0.9

Action                   |  1- 3 |  4- 6 || total
-------------------------+-------+-------++-------
Melee: Unarmed           |     1 |       ||     1
       Dagger            |    30 |   115 ||   145
       Whip              |       |    41 ||    41
       Trident           |       |    26 ||    26
Throw: Boomerang         |       |     1 ||     1
 Cast: Pain              |    44 |    77 ||   121
       Animate Skeleton  |     8 |    21 ||    29
  Use: Scroll            |     1 |     7 ||     8
       Potion            |       |     2 ||     2
 Stab: Sleeping          |       |     5 ||     5
  Eat: Chunk             |     2 |     3 ||     5
       Ration            |       |     2 ||     2
Armor: Robe              |    12 |    35 ||    47
       Leather armour    |       |    12 ||    12
       Ring mail         |       |    57 ||    57
Dodge: Dodged            |    29 |   149 ||   178
